AoeStats
← daniil_lox

Arabia

504590102Analyzed
1v1 RM · 26d ago on Sep 5, 2026· 61m 41s· 2 players
Game mode
Random Map
Map size
Tiny (2 player)
Population
200
Speed
Normal
Resources
Standard
Victory
Conquest
Starting age
Dark Age
Ending age
Imperial Age
RankedLock teamsTeams togetherTeam positionsShared explorationLock speedFull tech treeHidden civsTurbo modeCheats
Victory
Defeat
🇺🇦 Franks · Ukraine
553
+14
🇩🇪 Burmese · Germany
508
-14
zoddif
2:30 Loom
12:11 Feudal Age
19:17 Castle Age
19:34 Horse Collar
19:23 Pikeman
23:38 Heavy Plow
23:49 Stone Mining
24:44 Gold Mining
25:03 Crossbowman
28:27 Gold Shaft Mining
29:40 Wheelbarrow
35:36 Hand Cart
37:11 Treadmill Crane
45:02 Imperial Age
daniil_lox
8:50 Loom
10:38 Feudal Age
11:59 Wheelbarrow
13:38 Double-Bit Axe
18:47 Scale Barding Armor
21:46 Castle Age
23:13 Hand Cart
23:14 Husbandry
23:41 Chain Barding Armor
23:21 Gold Mining
23:43 Bow Saw
26:40 Fletching
31:21 Bodkin Arrow
39:41 Imperial Age
43:20 Cavalier
45:39 Ballistics
46:19 Chemistry
47:06 Paladin
49:17 Paladin
55:18 Gold Shaft Mining
Connection lost

Rejoining the realm…

Still unreachable

The connection could not be restored.

Session expired

The server has moved on; the page needs a fresh start.